 Dungeon Crawl Stone Soup version 0.19.5 (webtiles) character file.

10962 sankara the Fighter (level 11, -3/102 HPs)
             Began as a Minotaur Gladiator on Mar 12, 2017.
             Was an Elder of Ashenzari.
             Slain by a death yak (14 damage)
             ... on level 2 of the Lair of Beasts.
             The game lasted 00:27:37 (9294 turns).

sankara the Fighter (Minotaur Gladiator)            Turns: 9294, Time: 00:27:37

Health: -3/102     AC: 19    Str: 24    XL:     11   Next: 43%
Magic:  11/11      EV: 19    Int:  5    God:    Ashenzari [****..]
Gold:   311        SH:  0    Dex: 15    Spells: 0 memorised, 10 levels left

rFire  . . .     SeeInvis +     a - +1 quarterstaff (curse)
rCold  . . .     Gourm    .     Q - +0 plate armour (curse)
rNeg   . . .     Faith    .     (shield currently unavailable)
rPois  +         Spirit   .     c - +1 hat (curse)
rElec  .         Reflect  .     h - +0 cloak (curse)
rCorr  .         Harm     .     (no gloves)
MR     .....     Clarity  +     (no boots)
Stlth  ..........               (no amulet)
                                v - +4 ring of evasion
                                e - +2 ring of evasion

@: mighty
A: retaliatory headbutt, horns 2, blink, high mp 1, poison resistance
a: Blink, Curse Item, Scrying, Renounce Religion


You were on level 2 of the Lair of Beasts.
You worshipped Ashenzari.
Ashenzari was greatly pleased with you.
You were hungry.

You visited 3 branches of the dungeon, and saw 12 of its levels.

You collected 617 gold pieces.
You spent 306 gold pieces at shops.

Inventory:

Hand Weapons
 a - a cursed +1 quarterstaff (weapon)
 b - a +2 whip of electrocution
Missiles
 d - 3 throwing nets (quivered)
Armour
 c - a cursed +1 hat (worn)
 h - a cursed +0 cloak (worn)
 Q - a cursed +0 plate armour (worn)
Jewellery
 e - a +2 ring of evasion (left hand)
 v - a +4 ring of evasion (right hand)
Wands
 n - a wand of lightning (6/15)
 q - a wand of confusion (27/48)
 B - a wand of polymorph (5/24)
 L - a wand of lightning (4/15)
Scrolls
 k - 3 scrolls of enchant armour
 m - 13 scrolls of identify
 o - 6 scrolls of remove curse
 r - a scroll of fear
 w - a scroll of fog
 y - 6 scrolls of amnesia
 C - a scroll of enchant weapon
 G - 2 scrolls of recharging
 H - 2 scrolls of magic mapping
Potions
 p - 2 potions of magic
 s - a potion of flight
Books
 t - a book of Cantrips

   Spells                             Type                      Level
   a - Confusing Touch                Hexes                        1
   b - Animate Skeleton               Necromancy                   1
   c - Summon Small Mammal            Summoning                    1
   d - Apportation                    Translocation                1
Miscellaneous
 u - a sack of spiders
Comestibles
 f - 6 bread rations
 g - 5 meat rations
 z - a slice of pizza
 K - 10 fruits


   Skills:
 + Level 11.4 Fighting
 - Level 10.0(14.3) Staves
 - Level 2.0 Throwing
 + Level 11.3(14.4) Armour
 + Level 10.8 Dodging


You had 10 spell levels left.
You didn't know any spells.

Dungeon Overview and Level Annotations

Branches:
Dungeon (8/15)             Temple (1/1) D:6            Lair (3/6) D:8
  Swamp (0/4) Lair:2
  Snake: Lair:2-4    Spider: Lair:2-4

Altars:
Ashenzari
Cheibriados
Dithmenos
Elyvilon
Fedhas
Gozag
Hepliaklqana
Kikubaaqudgha
Makhleb
Nemelex Xobeh
Okawaru
Qazlal
Ru
Sif Muna
Trog
Uskayaw
Vehumet
Xom
Yredelemnul
Zin
The Shining One
Jiyva

Shops:
D:6 [?*!*   D:8 ?


Innate Abilities, Weirdness & Mutations

You reflexively headbutt those who attack you in melee.
You have a pair of horns on your head.
You can translocate small distances at will.
You have an increased reservoir of magic. (+10% MP)
Your system is resistant to poisons. (rPois)


Message History

The death yak gores you!
* * * LOW HITPOINT WARNING * * *
Your plate armour prevents you from hitting the death yak.
The death yak is moderately wounded.
The death yak barely misses you. x2
You sock the death yak! You headbutt the death yak!
The death yak is heavily wounded.
You sock the death yak!
The death yak is severely wounded.
The death yak gores you!
* * * LOW HITPOINT WARNING * * *
The death yak barely misses you. You furiously retaliate!
You headbutt the death yak.
You feel better. The death yak closely misses you. You furiously retaliate!
You headbutt the death yak. The death yak closely misses you.
You furiously retaliate!
You headbutt the death yak! You hit the death yak.
The death yak is severely wounded.
The death yak gores you!
You die...

####.#.####P#####
##PPPPP.##.......#
##PPPPPPP##.......#
#......PPPP......##
#.PP.PPPPPP.#....#
##.PPPP..PPPP#....#
##...#PPP...PP#.†..#
#.#.#.PPPP.PPP#YY..#
##..###PPPPPP...@..##
##.#.#..#.####.....###### #
#.......##..#.....##...# #
###.#..............##....#### #
#P♣♣#..............P......#.#####
..♣.♣..........................#
..#.......###P.............##..#
..♣.♣.....###..............#...##
..........#...............#....P#


You could see 2 death yaks.

Vanquished Creatures
  2 hydras
  3 death yaks
  3 torpor snails (Lair:2)
  A rime drake (Lair:1)
  The ghost of genrtul the Spear-Bearer, a novice MfGl of Fedhas (D:5)
  2 spiny frogs
  A komodo dragon (Lair:3)
  4 blink frogs (Lair:1)
  The ghost of Mlkhall the Firebug, an amateur DsFE (D:4)
  3 hippogriffs
  6 yaks
  2 porcupines
  3 water moccasins
  A sky beast (D:8)
  An ice beast (D:7)
  2 phantoms
  An orc warrior (D:7)
  3 centaurs
  3 ogres
  A crocodile (Lair:1)
  3 bullfrogs
  A wyvern zombie (D:7)
  3 wights (D:6)
  A bullfrog zombie (D:5)
  An electric eel (Lair:1)
  6 crimson imps
  The ghost of Kullungy the Sneak, a weakling SpAs (D:3)
  A gnoll shaman (D:6)
  3 jellies
  An orc priest (D:7)
  A centaur skeleton (D:4)
  2 hounds
  2 iguanas
  Natasha (thrice) (D:4)
  An orc wizard (D:5)
  10 worker ants
  2 hound skeletons (D:8)
  A howler monkey zombie (D:6)
  A worker ant zombie (D:7)
  Robin (D:3)
  8 gnolls (D:6)
  9 adders
  An ooze (D:4)
  An adder zombie (D:6)
  3 adder skeletons
  8 worms
  4 dart slugs
  5 leopard geckos
  16 orcs
  A bat (D:1)
  7 giant cockroaches
  14 goblins
  5 hobgoblins
  12 jackals
  4 quokkas
  3 ball pythons (D:2)
  4 frilled lizards
  3 kobolds (D:2)
  A leopard gecko skeleton (D:6)
  13 rats
  A butterfly (D:6)
  A fungus (D:8)
213 creatures vanquished.

Vanquished Creatures (others)
  An ogre (D:6)
  A crimson imp (D:6)
  An adder (D:6)
  A quokka (D:6)
  A plant (Lair:3)
5 creatures vanquished.

Grand Total: 218 creatures vanquished

Notes
Turn   | Place    | Note
-------+----------+-------------------------------------------
     0 | D:1      | sankara the Minotaur Gladiator began the quest for the Orb.
     0 | D:1      | Reached XP level 1. HP: 18/18 MP: 0/0
   210 | D:1      | Reached skill level 1 in Armour
   210 | D:1      | Reached XP level 2. HP: 25/25 MP: 1/1
   215 | D:1      | Found a shattered altar of Ashenzari.
   238 | D:1      | Became a worshipper of Ashenzari the Shackled
   978 | D:2      | Reached XP level 3. HP: 23/30 MP: 2/2
  1553 | D:2      | Reached * piety under Ashenzari
  1624 | D:3      | Noticed Kullungy's ghost (weakling SpAs)
  1631 | D:3      | Killed Kullungy's ghost
  1631 | D:3      | Reached XP level 4. HP: 26/38 MP: 3/3
  1734 | D:3      | Found a radiant altar of Vehumet.
  1799 | D:3      | Reached skill level 5 in Staves
  1814 | D:3      | Noticed Robin
  1836 | D:3      | Killed Robin
  1947 | D:3      | Reached XP level 5. HP: 44/45 MP: 4/4
  1994 | D:3      | Found a snail-covered altar of Cheibriados.
  2182 | D:3      | Found an ancient bone altar of Kikubaaqudgha.
  2376 | D:4      | Noticed a phantom
  2387 | D:4      | Killed a phantom
  2660 | D:4      | Reached XP level 6. HP: 42/52 MP: 5/5
  2946 | D:4      | Noticed Natasha
  2951 | D:4      | Killed Natasha
  2992 | D:4      | Noticed Mlkhall's ghost (amateur DsFE)
  3008 | D:4      | Killed Mlkhall's ghost
  3008 | D:4      | Reached XP level 7. HP: 25/60 MP: 6/6
  3018 | D:4      | Noticed Natasha
  3025 | D:4      | Killed Natasha
  3242 | D:4      | Reached ** piety under Ashenzari
  3553 | D:4      | Reached skill level 5 in Fighting
  3626 | D:4      | Noticed Natasha
  3629 | D:4      | Killed Natasha
  3635 | D:4      | Noticed a moth of wrath
  3638 | D:4      | Found a bloodstained altar of Trog.
  3696 | D:4      | Reached skill level 5 in Dodging
  3784 | D:5      | Entered Level 5 of the Dungeon
  3834 | D:5      | Identified the +5 hunting sling of World Downfall {speed, rPois rF- rC- rN+++}
  3842 | D:5      | Noticed genrtul's ghost (novice MfGl)
  3860 | D:5      | Killed genrtul's ghost
  3860 | D:5      | Reached skill level 5 in Armour
  3860 | D:5      | Reached XP level 8. HP: 66/70 MP: 7/7
  3901 | D:5      | Found a hazy altar of Hepliaklqana.
  4090 | D:5      | Found a hide-covered altar of Uskayaw.
  4379 | D:5      | Noticed a dagger
  4380 | D:5      | Noticed a dagger
  4510 | D:6      | Found Xoxois's Magic Scroll Shoppe.
  4615 | D:6      | Bought a scroll of remove curse for 39 gold pieces
  4615 | D:6      | Bought a scroll of recharging for 123 gold pieces
  4615 | D:6      | Bought a scroll of magic mapping for 45 gold pieces
  4615 | D:6      | Bought a scroll of remove curse for 39 gold pieces
  4625 | D:6      | Found Otipn's Assorted Antiques.
  4677 | D:6      | Found a staircase to the Ecumenical Temple.
  4723 | Temple   | Entered the Ecumenical Temple
  4879 | D:6      | Found Luulah's Armour Shoppe.
  4922 | D:6      | Reached *** piety under Ashenzari
  5093 | D:6      | Found Qatidi's Assorted Antiques.
  5231 | D:6      | Found Beodgh's Distillery.
  5235 | D:6      | Bought a potion of heal wounds for 60 gold pieces
  5258 | D:6      | Found a shimmering altar of Xom.
  5410 | D:7      | Reached XP level 9. HP: 79/79 MP: 8/8
  5439 | D:7      | Found a glowing golden altar of the Shining One.
  5677 | D:7      | Found a deep blue altar of Sif Muna.
  5908 | D:8      | Found Vuly's Magic Scroll Shop.
  5984 | D:8      | Found a staircase to the Lair.
  6120 | D:8      | Found a sparkling altar of Nemelex Xobeh.
  6120 | D:8      | Found a faded altar of an unknown god.
  6125 | D:8      | Found a faded altar of an unknown god.
  6127 | D:8      | Found a faded altar of an unknown god.
  6129 | D:8      | Found a faded altar of an unknown god.
  6246 | D:8      | Found a glowing silver altar of Zin.
  6246 | D:8      | Found a shadowy altar of Dithmenos.
  6301 | D:8      | Gained mutation: Your system is resistant to poisons. (rPois) [potion of mutation]
  6301 | D:8      | Gained mutation: You have an increased reservoir of magic. (+10% MP) [potion of mutation]
  6301 | D:8      | Gained mutation: You can translocate small distances at will. [potion of mutation]
  6306 | Lair:1   | Entered Level 1 of the Lair of Beasts
  6346 | Lair:1   | Identified the amulet "Otwuckes" {Harm *Drain rC+ Stlth+}
  6500 | Lair:1   | Reached **** piety under Ashenzari
  6611 | Lair:1   | Noticed a rime drake
  6618 | Lair:1   | Killed a rime drake
  6618 | Lair:1   | Reached skill level 10 in Staves
  6618 | Lair:1   | Reached XP level 10. HP: 90/90 MP: 10/10
  6738 | Lair:1   | Noticed a five-headed hydra
  6750 | Lair:1   | Killed a five-headed hydra
  7894 | Lair:2   | Noticed a torpor snail
  7904 | Lair:2   | Killed a torpor snail
  7904 | Lair:2   | Reached skill level 10 in Fighting
  7916 | Lair:2   | Found a snail-covered altar of Cheibriados.
  7916 | Lair:2   | Noticed a torpor snail
  7916 | Lair:2   | Noticed a torpor snail
  7934 | Lair:2   | Killed a torpor snail
  7946 | Lair:2   | Killed a torpor snail
  7946 | Lair:2   | Reached skill level 10 in Armour
  8034 | Lair:2   | Found a staircase to the Swamp.
  8238 | Lair:2   | Noticed an eight-headed hydra
  8249 | Lair:2   | Killed an eight-headed hydra
  8249 | Lair:2   | Reached skill level 10 in Dodging
  8349 | Lair:2   | Reached XP level 11. HP: 80/101 MP: 11/11
  8652 | Lair:2   | Identified a scroll of acquirement
  8652 | Lair:2   | Identified the cursed ring "Ciginwysui" {Wiz rPois rN+ Dex-5} (You acquired it on level 2 of the Lair of Beasts)
  9234 | Lair:3   | Noticed a death yak
  9237 | Lair:3   | Noticed a death yak
  9238 | Lair:3   | Noticed a death yak
  9250 | Lair:3   | Killed a death yak
  9254 | Lair:3   | Noticed a death yak
  9257 | Lair:3   | Noticed a death yak
  9271 | Lair:3   | Noticed a death yak
  9275 | Lair:3   | Killed a death yak
  9280 | Lair:2   | HP: 2/102 [death yak (12)]
  9285 | Lair:2   | Killed a death yak
  9292 | Lair:2   | HP: 5/102 [death yak (8)]
  9294 | Lair:2   | Slain by a death yak

Skill      XL: |  1  2  3  4  5  6  7  8  9 10 11 |
---------------+----------------------------------+-----
Armour         | 1 2 3 4 5 6 8 10 11 | 11.3
Staves         | 4 5 6 7 8 10 | 10.0
Fighting       | 3 4 5 7 8 10 11 | 11.4
Dodging        | 4 5 6 8 10 | 10.8
Throwing       | |  2.0

Action                   |  1- 3 |  4- 6 |  7- 9 | 10-12 || total
-------------------------+-------+-------+-------+-------++-------
Melee: Quarterstaff      |    76 |   119 |   338 |   210 ||   743
       Headbutt          |     6 |    25 |    71 |    54 ||   156
Invok: Curse Item        |     1 |       |     2 |       ||     3
  Use: Potion            |       |     1 |     9 |     5 ||    15
       Scroll            |       |       |     9 |     1 ||    10
 Stab: Sleeping          |       |     2 |       |       ||     2
  Eat: Chunk             |     2 |     4 |    12 |     8 ||    26
Armor: Leather armour    |    21 |    13 |     2 |       ||    36
       Chain mail        |       |       |    43 |       ||    43
       Plate armour      |       |       |    17 |    88 ||   105
Dodge: Dodged            |    52 |    72 |   212 |   168 ||   504
